AoeStats
← gbbautista287

Arabia

509742714Analyzed
1v1 RM · 4d ago on Sep 27, 2026· 56m 12s· 2 players
Game mode
Random Map
Map size
Tiny (2 player)
Population
200
Speed
Normal
Resources
Standard
Victory
Conquest
Starting age
Dark Age
Ending age
Imperial Age
RankedLock teamsTeams togetherTeam positionsShared explorationLock speedFull tech treeHidden civsTurbo modeCheats
Victory
Defeat
🇨🇱 Chinese · Chile
659
+14
🇦🇷 Vietnamese · Argentina
625
-14
gbbautista287
11:22 Feudal Age
10:28 Loom
12:05 Gold Mining
12:03 Double-Bit Axe
12:00 Horse Collar
13:27 Wheelbarrow
18:58 Castle Age
19:20 Fletching
20:47 Bodkin Arrow
20:22 Crossbowman
21:18 Bow Saw
22:43 Town Watch
22:58 Town Watch
24:01 Thumb Ring
25:11 Stone Mining
26:07 Padded Archer Armor
26:45 Scale Mail Armor
27:34 Hand Cart
30:14 Chain Mail Armor
30:10 Forging
30:20 Leather Archer Armor
32:20 Elite Skirmisher
36:33 Ballistics
37:03 Iron Casting
38:00 Murder Holes
40:40 Imperial Age
40:50 Arbalester
49:51 Elite Fire Lancer
Amodeperras
1:27 Loom
10:03 Feudal Age
10:32 Double-Bit Axe
10:28 Horse Collar
13:43 Gold Mining
15:44 Wheelbarrow
18:19 Man-at-Arms
18:53 Fletching
19:41 Arson
22:40 Castle Age
21:36 Town Watch
21:55 Padded Archer Armor
22:14 Forging
24:13 Hand Cart
24:10 Bow Saw
24:04 Heavy Plow
25:55 Scale Mail Armor
26:23 Stone Mining
26:03 Long Swordsman
26:45 Squires
26:11 Elite Skirmisher
27:57 Gold Shaft Mining
31:14 Iron Casting
30:54 Chain Mail Armor
33:22 Pikeman
34:02 Bodkin Arrow
35:28 Stone Shaft Mining
36:06 Chain Mail Armor
36:06 Leather Archer Armor
41:33 Ballistics
45:09 Imperial Age
43:57 Town Patrol
46:58 Chemistry
46:01 Bracer
46:31 Ring Archer Armor
47:02 Blast Furnace
46:28 Capped Ram
Connection lost

Rejoining the realm…

Still unreachable

The connection could not be restored.

Session expired

The server has moved on; the page needs a fresh start.